 Dungeon Crawl Stone Soup version 0.30.1-5-ged363bc7ee (webtiles) character file.

Game seed: 7144457849264124453

8 H0rd4k the Charlatan (level 2, 0/21 HPs)
             Began as a Human Artificer on Sept 19, 2023.
             Constricted to death by a ball python (1 damage)
             ... on level 1 of the Dungeon.
             The game lasted 00:00:38 (280 turns).

H0rd4k the Charlatan (Human Artificer)               Turns: 280, Time: 00:00:38

Health: 0/21       AC:  3    Str: 12    XL:     2   Next: 15%
Magic:  2/2        EV:  8    Int: 11    God:
Gold:   23         SH:  0    Dex: 13    Spells: 1/1 levels left

rFire   . . .        a - +0 club
rCold   . . .        (no shield)
rNeg    . . .        b - +0 leather armour
rPois   .            (no helmet)
rElec   .            (no cloak)
rCorr   .            (no gloves)
SInv    .            (no boots)
Will    .....        (no amulet)
Stlth   +            (no ring)
HPRegen 0.23/turn    (no ring)
MPRegen 0.08/turn

%: no passive effects
@: constricted
A: no striking features
a: no special abilities


You were on level 1 of the Dungeon.
You visited 1 branch of the dungeon, and saw 1 of its levels.

You collected 23 gold pieces.

Inventory:

Hand Weapons
 a - a +0 club (weapon)
Armour
 b - a +0 leather armour (worn)
Wands
 c - a wand of flame (15) (quivered)
 d - a wand of charming (11)
 e - a wand of iceblast (5)
Scrolls
 h - a scroll of noise {unknown}
 i - a scroll of identify {unknown}
Potions
 f - a potion of magic {unknown}
 g - a potion of mutation {unknown}


   Skills:
 + Level 1.0 Fighting
 + Level 0.1 Maces & Flails
 - Level 2.0 Armour
 + Level 1.0 Dodging
 - Level 1.0 Stealth
 + Level 3.4 Evocations


You had one spell level left.
You didn't know any spells.
Your spell library was empty.

Dungeon Overview and Level Annotations

Branches:
Dungeon (1/15)

Altars:


Message History

The jackal is lightly wounded.
The jackal bites you but does no damage.
The jackal barely misses you. The jackal closely misses you.
The jackal barely misses you. The jackal barely misses you.
The jackal closely misses you. The jackal attacks as you move away!
The jackal bites you.
The jackal bites you but does no damage.
The jackal misses you. The jackal attacks as you move away!
The jackal bites you but does no damage.
A ball python comes into view.
The jackal closely misses you.
You closely miss the jackal. The jackal closely misses you.
The ball python bites you but does no damage.
The ball python closely misses you.
The jackal bites you but does no damage.
You hit the jackal but do no damage. The jackal bites you.
The ball python barely misses you. The ball python grabs you.
The ball python constricts you. The jackal bites you.
You completely miss the jackal. The ball python barely misses you.
The ball python constricts you. The jackal bites you.
The ball python bites you but does no damage.
The ball python constricts you.
You hit the jackal but do no damage.
The jackal bites you but does no damage.
The ball python bites you. The ball python constricts you.
The jackal bites you but does no damage.
The ball python barely misses you. The ball python constricts you.
You closely miss the jackal. The jackal bites you. The ball python bites you.
The ball python constricts you. The jackal bites you.
* * * LOW HITPOINT WARNING * * *
You closely miss the jackal. The jackal bites you.
* * * LOW HITPOINT WARNING * * *
The ball python barely misses you. The ball python constricts you.
The jackal bites you.
* * * LOW HITPOINT WARNING * * *
The ball python bites you.
* * * LOW HITPOINT WARNING * * *
The ball python constricts you.
You die...

######### ......S.# #######@#
###### #?....#h######....######
#......h#...............
........................
.............#........## ..
.#.#...###########.....# ....
.#.#.###.....## #.....## ##..
..$..##.......## #.......
...##+#.#.###.........###.......


You could see 2 jackals and a ball python.

Vanquished Creatures
  An endoplasm (D:1)
  2 jackals (D:1)
  A quokka (D:1)
  A ball python (D:1)
  A bat (D:1)
  A frilled lizard (D:1)
7 creatures vanquished.

Vanquished Creatures (collateral kills)
  A ball python (D:1)
1 creature vanquished.

Vanquished Creatures (others)
  An endoplasm (D:1)
1 creature vanquished.

Grand Total: 9 creatures vanquished

Notes
Turn   | Place    | Note
-------+----------+-------------------------------------------
     0 | D:1      | H0rd4k the Human Artificer began the quest for the Orb.
     0 | D:1      | Reached XP level 1. HP: 15/15 MP: 1/1
   100 | D:1      | Reached XP level 2. HP: 13/21 MP: 2/2
   280 | D:1      | HP: 1/21 [ball python (1)]
   280 | D:1      | Constricted to death by a ball python

Illustrated notes

Levels and vault maps discovered:
D:1:      lemuel_arrival_rhombus, layout_basic, serial_shops,
          nicolae_shop_pleasant_corner_grove

Action                     || total
---------------------------++-------
  Melee: Club              ||    49
  Evoke: Wand              ||     4
 Armour: Leather armour    ||    27
  Dodge: Dodged            ||    53
